 Dungeon Crawl Stone Soup version 0.26-a0-597-gb535b0901c (webtiles) character file.

Game seed: 11081045840936457781

38 ANON1729 the Magician (level 3, -5/28 HPs)
             Began as a Demonspawn Wanderer on Aug 25, 2020.
             Slain by a worm (7 damage)
             ... on level 2 of the Dungeon.
             The game lasted 00:01:20 (1498 turns).

ANON1729 the Magician (Demonspawn Wanderer)         Turns: 1498, Time: 00:01:21

Health: -5/28      AC:  2    Str: 12    XL:     3   Next: 25%
Magic:  7/7        EV: 11    Int: 12    God:
Gold:   72         SH:  0    Dex: 14    Spells: 8/8 levels left

rFire    . . .     SeeInvis .   a - +2 dagger
rCold    . . .     Faith    .   (no shield)
rNeg     . . .     Spirit   .   e - +0 robe
rPois    .         Reflect  .   (helmet restricted)
rElec    .         Harm     .   (no cloak)
rCorr    .                      (no gloves)
MR       .....                  (no boots)
Stlth    +.........             (no amulet)
HPRegen  0.09/turn              (no ring)
MPRegen  0.10/turn              (no ring)

@: mighty
A: antennae 1, powered by pain 1
a: no special abilities


You were on level 2 of the Dungeon.
You visited 1 branch of the dungeon, and saw 2 of its levels.

You collected 72 gold pieces.

Inventory:

Hand Weapons
 a - a +2 dagger (weapon)
Missiles
 b - 2 curare-tipped darts (quivered)
Armour
 e - a +0 robe (worn)
Scrolls
 f - a scroll of amnesia {unknown}
 g - a scroll of noise {unknown}
 h - 2 scrolls of teleportation {unknown}
 i - 2 scrolls of identify {unknown}
 j - a scroll of fear {unknown}
Potions
 c - a potion of lignification
 d - 2 potions of curing
 k - a potion of brilliance {unknown}


   Skills:
 + Level 2.6 Fighting
   Level 2.6 Long Blades
 + Level 1.8 Throwing
 + Level 3.4 Spellcasting
   Level 1.0 Evocations


You had 8 spell levels left.
You didn't know any spells.
Your spell library contained the following spells:

 Spells                   Type           Power        Failure   Level
 Magic Dart               Conj           #...         24%         1
 Blink                    Tloc           N/A          34%         2
 Call Imp                 Summ           #.......     34%         2
 Slow                     Hex            #.......     34%         2
 Conjure Flame            Conj/Fire      #.......     56%         3
 Mephitic Cloud           Conj/Pois/Air  #.......     56%         3


Dungeon Overview and Level Annotations

Branches:
Dungeon (2/15)

Altars:
Ashenzari
Elyvilon
The Shining One


Innate Abilities, Weirdness & Mutations

You have a pair of small antennae on your head.
You sometimes gain a little power by taking damage.


Message History

You are too injured to fight recklessly!
You are too injured to fight recklessly!
You are too injured to fight recklessly!
You are too injured to fight recklessly!
You are too injured to fight recklessly!
You are too injured to fight recklessly!
You are too injured to fight recklessly!
You closely miss the goblin. The goblin hits you with a +0 club.
* * * LOW HITPOINT WARNING * * *
You barely miss the goblin. The goblin hits you with a +0 club.
* * * LOW HITPOINT WARNING * * *
You barely miss the goblin. The goblin hits you but does no damage.
You puncture the goblin!
You kill the goblin!
You hit the worm.
The worm is heavily wounded.
You hit the worm.
The worm is severely wounded.
The worm bites you!
You die...

##..#.# ##.## #.#
#...#.####...#####
#...#...........
#.....##...#####
#.#.###...###
#.#.# #.#......
#.#.###.#.#####
#.#.......#
#.#.###@### #(#.#
#w######
#.###......#
#.(.####.# #...#
#...... #........
......>....
##......###.


You could see a worm.

Vanquished Creatures
  A dart slug (D:1)
  A leopard gecko (D:1)
  A giant cockroach (D:1)
  6 goblins
  3 hobgoblins (D:1)
  5 kobolds (D:1)
  A ball python (D:1)
  8 bats
  A frilled lizard (D:1)
  6 rats
33 creatures vanquished.

Notes
Turn   | Place    | Note
-------+----------+-------------------------------------------
     0 | D:1      | ANON1729 the Demonspawn Wanderer began the quest for the
                  | Orb.
     0 | D:1      | ANON1729 set off with the following items: a +2 dagger, 2
                  | curare-tipped darts, a potion of lignification, a potion of
                  | curing, a +0 robe
     0 | D:1      | Reached XP level 1. HP: 16/16 MP: 4/4
   280 | D:1      | Gained mutation: You have a pair of small antennae on your
                  | head. [demonic ancestry]
   280 | D:1      | Reached XP level 2. HP: 8/22 MP: 6/6
   887 | D:1      | Found a shattered altar of Ashenzari.
  1020 | D:1      | Gained mutation: You sometimes gain a little power by
                  | taking damage. [demonic ancestry]
  1020 | D:1      | Reached XP level 3. HP: 21/28 MP: 7/7
  1383 | D:2      | Found a glowing golden altar of the Shining One.
  1383 | D:2      | Found a white marble altar of Elyvilon.
  1384 | D:2      | Found a shattered altar of Ashenzari.
  1494 | D:2      | HP: 1/28 [goblin/+0 club (1)]
  1498 | D:2      | Slain by a worm

Illustrated notes

Levels and vault maps discovered:
D:1:      lightli_arrival_lavapool, layout_loops_ring, ashenzari_altar_1
D:2:      layout_loops_ring, nicolae_overflow_hidden_temple,
          lemuel_crystal_altar

Action                   || total
-------------------------++-------
Melee: Dagger            ||   107
 Stab: Sleeping          ||     1
Armor: Robe              ||    13
Dodge: Dodged            ||    59

Table legend: (Time is in decaauts)
 A = Elapsed time spent in this place.
 B = Non-inter-level travel time spent in this place.
 C = Inter-level travel time spent in this place.
 D = Time resting spent in this place.
 E = Time spent auto-exploring this place.
 F = Levels seen in this place.
 G = Mean time per level.
                   A        B        C        D        E       F      G
               +--------+--------+--------+--------+--------+-----+--------+
         Total |   1489 |   1477 |     12 |    705 |    585 |   2 |  744.5 |
       Dungeon |   1489 |   1477 |     12 |    705 |    585 |   2 |  744.5 |
               +--------+--------+--------+--------+--------+-----+--------+

Top non-repeatable levels by time:
     D:1: 1357 daAuts
     D:2: 132 daAuts
